 Dungeon Crawl Stone Soup version 0.28-a0-861-ge64d6db94f (webtiles) character file.

Game seed: 7039015784820245144

5095 spiderkeys the Thaumaturge (level 10, -4/54 HPs)
             Began as a Deep Elf Abyssal Knight on Nov 16, 2021.
             Was an Elder of Lugonu.
             Slain by a sixfirhy (9 damage)
             ... summoned by a kobold demonologist
             ... on level 10 of the Dungeon.
             The game lasted 00:25:02 (12432 turns).

spiderkeys the Thaumaturge (DEAK)                  Turns: 12432, Time: 00:25:03

Health: -4/54      AC:  9    Str: 10    XL:     10   Next: 32%
Magic:  0/25       EV: 19    Int: 19    God:    Lugonu [****..]
Gold:   450        SH:  0    Dex: 21    Spells: 16/28 levels left

rFire   . . .      SeeInvis .   a - +6 hand axe "Goshra" {vamp, rC+ Will++}
rCold   + . .      Faith    .   (no shield)
rNeg    . . .      Spirit   +   L - +2 robe of Ojad {Slay+2}
rPois   .          Reflect  .   (no helmet)
rElec   .          Harm     .   E - scarf {repulsion}
rCorr   .          Rampage  .   (no gloves)
Will    +++..                   i - +0 pair of boots
Stlth   ++........              G - amulet of guardian spirit
HPRegen 0.18/turn               O - +4 ring of protection
MPRegen 0.19/turn               D - +6 ring of dexterity

@: about to teleport, repel missiles
A: no striking features
a: Renounce Religion, Depart the Abyss, Bend Space, Banish, Corrupt


You were on level 10 of the Dungeon.
You worshipped Lugonu.
Lugonu was greatly pleased with you.
You visited 1 branch of the dungeon, and saw 10 of its levels.
You visited the Abyss 1 time.

You collected 450 gold pieces.


   Skills:
 - Level 2.4 Fighting
 - Level 2.0 Short Blades
 - Level 0.7 Armour
 + Level 9.4 Dodging
 - Level 1.0 Stealth
 - Level 9.5 Spellcasting
 - Level 8.0 Conjurations
 * Level 2.6 Summonings
 * Level 2.5 Translocations
 - Level 8.3 Invocations


You had 16 spell levels left.
You knew the following spells:

 Your Spells              Type           Power      Damage    Failure   Level
g - Malign Gateway        Summ/Tloc      9%         N/A       100%        7
m - Mephitic Cloud        Conj/Pois/Air  19%        N/A       8%          3
s - Searing Ray           Conj           78%        2d7       1%          2

Your spell library contained the following spells:

 Spells                   Type           Power      Damage    Failure   Level
 Blink                    Tloc           36%        N/A       4%          2
 Pain                     Necr           36%        1d5       8%          1
 Manifold Assault         Tloc           18%        N/A       61%         5
 Agony                    Necr           9%         N/A       91%         5
 Excruciating Wounds      Necr           4%         N/A       91%         5
 Conjure Ball Lightning   Conj/Air       12%        3x3d6     93%         6
 Storm Form               Tmut/Air       4%         N/A       100%        7
 Lehudib's Crystal Spear  Conj/Erth      12%        10d4      100%        8
 Summon Horrible Things   Summ           9%         N/A       100%        8

Inventory:

Hand Weapons
 a - the +6 hand axe "Goshra" (weapon) {vamp, rC+ Will++}
   (You found it on level 5 of the Dungeon)

   It occasionally heals its wielder for a portion of the damage dealt when it
   wounds a living foe.
   rC:        It protects you from cold.
   Will:      It greatly increases your willpower.
 b - a +2 hunting sling of freezing
   (You found it on level 8 of the Dungeon)
 f - a +1 dagger of holy wrath
   (You found it on level 1 of the Dungeon)
 p - a +1 short sword
 q - a +4 dagger of freezing
   (You took it off a goblin on level 2 of the Dungeon)
 K - the +9 spear "Apeakik" {vorpal, rPois Str+3 Int-4}
   (You found it on level 7 of the Dungeon)

   It inflicts extra damage upon your enemies.
   Str:       It affects your strength (+3).
   Int:       It affects your intelligence (-4).
   rPois:     It protects you from poison.
 N - the +2 rapier of the Median {protect, Fly}
   (You found it on level 8 of the Dungeon)

   It grants its wielder temporary protection when it strikes (+7 to AC).
   Fly:       It grants you flight.
Missiles
 d - 44 bolts
 e - 193 arrows
 h - a curare-tipped dart {=f}
 k - 431 stones
 t - a silver boomerang
 v - 49 poisoned darts
 y - 36 sling bullets
Armour
 i - a +0 pair of boots (worn)
   (You found it on level 1 of the Dungeon)
 E - a scarf of repulsion (worn)
   (You acquired it on level 9 of the Dungeon)
 L - the +2 robe of Ojad (worn) {Slay+2}
   (You found it on level 7 of the Dungeon)

   Slay:      It affects your accuracy & damage with ranged weapons and melee
   (+2).
Magical Staves
 C - a staff of death {!a}
   (You found it on level 6 of the Dungeon)
Jewellery
 A - an amulet of the acrobat
   (You found it on level 8 of the Dungeon)
 D - a +6 ring of dexterity (right hand)
   (You found it on level 5 of the Dungeon)
 G - an amulet of guardian spirit (around neck)
   (You found it on level 2 of the Dungeon)
 O - a +4 ring of protection (left hand)
   (You found it on level 2 of the Dungeon)
Wands
 m - a wand of iceblast (7)
   (You found it on level 2 of the Dungeon)
 B - a wand of acid (1)
   (You found it on level 6 of the Dungeon)
Scrolls
 g - 2 scrolls of immolation {!r!r}
 l - a scroll of fog
 n - 3 scrolls of noise {!r}
 o - a scroll of enchant armour
 F - 2 scrolls of holy word {unknown}
 H - a scroll of magic mapping {!r}
 I - 2 scrolls of teleportation {@r4}
 J - a scroll of blinking {unknown}
 M - a scroll of identify {@r1}
 Q - a scroll of summoning {unknown}
Potions
 c - a potion of curing {@q1}
 j - 2 potions of haste {unknown}
 r - a potion of flight {unknown}
 s - a potion of berserk rage {unknown}
 u - a potion of mutation {unknown}
 w - 3 potions of attraction {unknown}
 x - a potion of degeneration {unknown}
 z - a potion of magic {unknown}
 P - a potion of lignification {unknown}
 R - 2 potions of heal wounds {unknown}

Dungeon Overview and Level Annotations

Branches:
Dungeon (10/15)            Temple (0/1) D:7            Lair (0/6) D:8
    Orc: D:9-12

Altars:
Fedhas
Sif Muna
Trog
Vehumet
Wu Jian
Yredelemnul
Zin

Annotations:
D:4 1 runed translucent door, pigah's ghost, amateur OpWn
D:5 3 runed translucent doors, Daunt's ghost, novice HuAM

#.......#.........#
#.......##.<.##...#
#.......##...##...#
#.................#
#.................+
#.......##........#
###+######........#
#.......##...##..##
#.......##..@##..#
#.......)...35...#
##########.......+
#.........#.Kยง.)..#
#.........#.......#
#..........K.........
#....................
#........K##########.
#.........#.......


You could see 2 kobold demonologists, a sixfirhy (summoned), a kobold brigand
and an ufetubus (summoned).


Message History

๐Ÿ˜Ž MP[-1]
You lost 1 mp, and now have 22/25 mp.
The searing ray hits the kobold!
You kill the kobold!
Lugonu accepts your kill.
The searing ray hits the kobold demonologist.
The kobold demonologist casts a spell. ๐Ÿ˜Ž MP[-1]
You lost 1 mp, and now have 21/25 mp.
The searing ray hits the kobold.
You kill the kobold!
Lugonu accepts your kill.
The searing ray misses the kobold demonologist.
The searing ray misses the chaos spawn.
You finish channelling your searing ray.
The kobold demonologist mumbles some strange words. ๐Ÿ˜Ž MP[-1]
You lost 1 mp, and now have 20/25 mp.
Aiming: Iceblast
Press: ? - help, Shift-Dir - straight line, f/p - kobold demonologist
Aim: a kobold demonologist, wielding a +0 dagger and wearing a +0 robe (moderately wounded)
The mass of ice explodes!
The iceblast engulfs the kobold demonologist!
The iceblast engulfs the kobold brigand!
The iceblast engulfs the chaos spawn!
The iceblast engulfs the kobold!
You kill the kobold!
Lugonu accepts your kill.
The iceblast engulfs the shadow imp!
The shadow imp partially resists.
The iceblast engulfs the sixfirhy!!
You hear an angry buzzing noise. x2
The sixfirhy hits you. The sixfirhy shocks you!
The sixfirhy closely misses you.
The kobold brigand hits you but does no damage.
The sixfirhy misses you. ๐Ÿ˜• HP[-11] MP[-3]
You take 11 damage, and now have 43/54 hp.
MASSIVE DAMAGE!! (PAUSE)
You lost 3 mp, and now have 17/25 mp.
Aiming: Corrosive Bolt
Press: ? - help, Shift-Dir - straight line, f/p - kobold demonologist
Aim: a kobold demonologist, wielding a +0 dagger and wearing a +0 robe (heavily wounded, 60% to hit)
The bolt of acid misses the sixfirhy.
The bolt of acid misses the kobold demonologist.
The bolt of acid hits the chaos spawn!
The acid corrodes the chaos spawn!
The sixfirhy closely misses you. The sixfirhy misses you.
The sixfirhy misses you. The sixfirhy hits you. The sixfirhy shocks you!
The sixfirhy barely misses you.
The kobold demonologist casts a spell. ๐Ÿ˜ฎ HP[-11] MP[-5]
You take 11 damage, and now have 32/54 hp.
MASSIVE DAMAGE!! (PAUSE)
You lost 5 mp, and now have 12/25 mp. ๐Ÿ˜ฎ HP[+1] MP[+1]
The sixfirhy barely misses you. The sixfirhy completely misses you.
The sixfirhy hits you. The sixfirhy shocks you!
* * * LOW HITPOINT WARNING * * *
๐Ÿ˜จ HP[-12] MP[-4]
You take 12 damage, and now have 21/54 hp.
MASSIVE DAMAGE!! (PAUSE)
You lost 4 mp, and now have 9/25 mp.
The sixfirhy closely misses you. ๐Ÿ˜จ HP[+1] MP[+1]
The sixfirhy misses you. x2; The sixfirhy hits you.
* * * LOW HITPOINT WARNING * * *
The sixfirhy shocks you!
* * * LOW HITPOINT WARNING * * *
๐Ÿ˜ฑ HP[-9] MP[-5]
You take 9 damage, and now have 13/54 hp.
You lost 5 mp, and now have 5/25 mp.
Unknown command.
The sixfirhy completely misses you. The ufetubus misses you.
The ufetubus barely misses you.
The chaos spawn is no longer covered in acid.
The kobold brigand throws a poisoned dart.
The poisoned dart hits you!
You are poisoned.
The ufetubus completely misses you.
The ufetubus hits you but does no damage.
You feel better. The ufetubus misses you.
The ufetubus barely misses you. ๐Ÿ˜จ HP[+8]
You regained 8 hp, and now have 21/54 hp.
The sixfirhy misses you. The sixfirhy barely misses you. The sixfirhy hits you.
* * * LOW HITPOINT WARNING * * *
The sixfirhy shocks you!
* * * LOW HITPOINT WARNING * * *
The ufetubus hits you but does no damage.
The ufetubus closely misses you.
The sixfirhy hits you but does no damage. ๐Ÿ˜ฑ HP[-11] MP[-3]
You take 11 damage, and now have 10/54 hp.
MASSIVE DAMAGE!! (PAUSE)
You lost 3 mp, and now have 2/25 mp.
As you read the scroll labelled JAIRULEAME, it crumbles to dust.
You feel strangely unstable.
It was a scroll of teleportation.
The chaos spawn degenerates into a cloud of primal chaos!
The sixfirhy misses you. The sixfirhy hits you.
* * * LOW HITPOINT WARNING * * *
The sixfirhy shocks you!
You die...

Skill      XL: |  1  2  3  4  5  6  7  8  9 10 |
---------------+-------------------------------+-----
Spellcasting   | 1 2 3 4 6 7 9 |  9.5
Stealth        | 1 |  1.0
Dodging        | 3 4 5 6 7 9 |  9.4
Conjurations   | 1 2 3 4 6 7 8 |  8.0
Invocations    | 3 4 5 6 8 |  8.3
Translocations | 2 |  2.5
Summonings     | 2 |  2.6
Fighting       | |  2.4
Short Blades   | |  2.0
Armour         | |  0.7

Action                   |  1- 3 |  4- 6 |  7- 9 | 10-12 || total
-------------------------+-------+-------+-------+-------++-------
Melee: Short sword       |   125 |       |       |       ||   125
       Dagger            |     6 |   173 |     5 |       ||   184
       Hand axe          |       |       |   136 |    39 ||   175
       Spear             |       |       |    10 |       ||    10
       Rapier            |       |       |       |    14 ||    14
 Fire: Hunting sling     |       |       |    10 |     8 ||    18
 Cast: Searing Ray       |     1 |    11 |    32 |     8 ||    52
       Mephitic Cloud    |       |       |    18 |     1 ||    19
Invok: Depart the Abyss  |     1 |       |       |       ||     1
       Bend Space        |       |       |     9 |       ||     9
       Banish            |       |       |     1 |       ||     1
Evoke: Wand              |       |     3 |    10 |     2 ||    15
  Use: Potion            |     1 |     1 |     1 |     2 ||     5
       Scroll            |       |     2 |     7 |     3 ||    12
 Stab: Sleeping          |     5 |     2 |     3 |       ||    10
       Confused          |       |       |     5 |       ||     5
Armor: Leather armour    |    13 |       |       |       ||    13
       Robe              |    12 |    73 |    47 |    29 ||   161
Dodge: Dodged            |    82 |   116 |   175 |   129 ||   502

Levels and vault maps discovered:
D:1:      dpeg_cavernosity, layout_basic
D:2:      cheibrodos_old_hovel, layout_basic,
          shapermc_ecumenical_altar_mp_highgroup
D:3:      layout_basic, kennysheep_orc_sif_temple, minmay_goblin_outpost,
          uniq_ijyb, uniq_sigmund, uniq_terence
D:4:      layout_rooms, general_overflow_altar, mainiacjoe_overflow_brackets,
          gammafunk_ghost_grave, amcnicky_mini_corridor_feature
D:5:      layout_basic, zin_academy, gammafunk_ghost_split, uniq_blork_the_orc,
          uniq_grinder
D:6:      layout_loops_corners, nicolae_wu_jian_immortal_techniques,
          uniq_duvessa
D:7:      layout_rooms, kennysheep_mini_moat, minmay_temple_entry_proselytizer,
          hex_medium
D:8:      layout_loops_ring, david_lair_shrubbed
D:9:      layout_irregular_city, kennysheep_little_box,
          minmay_tree_intersection, kennysheep_generic_room_4
D:10:     layout_gridville, nemelex_spade_bored_becter, minivault_25,
          hangedman_misty_isle, uniq_maurice, uniq_urug

Notes
Turn   | Place    | Note
-------+----------+-------------------------------------------
     0 | Abyss:1  | spiderkeys the Deep Elf Abyssal Knight began the quest for
                  | the Orb.
     0 | Abyss:1  | Reached XP level 1. HP: 13/13 MP: 4/4
     0 | Abyss:1  | magus.rc [v1.9.10]
    78 | Abyss:1  | Found a corrupted altar of Lugonu.
   100 | Abyss:2  | You add the spells Searing Ray, Mephitic Cloud, Conjure
                  | Ball Lightning and Lehudib's Crystal Spear to your library.
   100 | Abyss:2  | Got Paull's Almanac of Combat Magic
   106 | Abyss:2  | Noticed a neqoxec
   110 | D:1      | You pass through the gate.
   110 | D:1      | Escaped the Abyss
   314 | D:1      | Reached skill level 1 in Spellcasting
   326 | D:1      | Reached XP level 2. HP: 6/18 MP: 5/5
   382 | D:1      | Reached skill level 1 in Stealth
   391 | D:1      | Learned a level 2 spell: Searing Ray
   558 | D:1      | Reached * piety under Lugonu
   559 | D:1      | HP: 1/18 [quokka (4)]
   876 | D:1      | You pick up a book of Pain and begin reading...
   876 | D:1      | You add the spells Pain, Agony and Excruciating Wounds to
                  | your library.
  1033 | D:1      | Reached skill level 2 in Spellcasting
  1083 | D:1      | Reached XP level 3. HP: 15/22 MP: 8/8
  1389 | D:1      | Reached skill level 3 in Dodging
  1777 | D:2      | Reached skill level 1 in Conjurations
  2103 | D:2      | Found a faded altar of an unknown god.
  2392 | D:2      | Reached XP level 4. HP: 20/27 MP: 7/9
  2674 | D:3      | Reached ** piety under Lugonu
  2726 | D:3      | Noticed a sky beast
  2730 | D:3      | Killed a sky beast
  2731 | D:3      | Reached skill level 3 in Spellcasting
  2731 | D:3      | Reached skill level 2 in Conjurations
  2731 | D:3      | Reached skill level 3 in Invocations
  2731 | D:3      | Reached XP level 5. HP: 31/31 MP: 10/12
  2858 | D:3      | Reached skill level 4 in Dodging
  3036 | D:3      | Found a shimmering blue altar of Sif Muna.
  3073 | D:3      | Noticed Terence
  3097 | D:3      | Killed Terence
  3658 | D:3      | Noticed Ijyb
  3670 | D:3      | Killed Ijyb
  3671 | D:3      | Reached XP level 6. HP: 20/36 MP: 1/13
  4210 | D:4      | Reached skill level 4 in Spellcasting
  4231 | D:3      | HP: 7/36 [something/puff of flame (6)]
  4528 | D:4      | Reached *** piety under Lugonu
  4529 | D:4      | Reached skill level 4 in Invocations
  4532 | D:4      | Reached skill level 3 in Conjurations
  4834 | D:4      | Found a runed translucent door.
  4835 | D:4      | Noticed pigah's ghost (amateur OpWn)
  4926 | D:4      | Learned a level 3 spell: Mephitic Cloud
  4935 | D:4      | Found a radiant altar of Vehumet.
  5034 | D:4      | Reached skill level 5 in Dodging
  5034 | D:4      | Reached XP level 7. HP: 36/40 MP: 8/16
  5126 | D:4      | Reached skill level 5 in Spellcasting
  5408 | D:4      | Found a blossoming altar of Fedhas.
  5452 | D:5      | Entered Level 5 of the Dungeon
  5522 | D:5      | Identified the +1 ring mail of the Morning Star {rF- rN+
                  | Str+4}
  5553 | D:5      | Found a runed translucent gate.
  5553 | D:5      | Found a runed translucent gate.
  5553 | D:5      | Found a runed translucent gate.
  5556 | D:5      | Identified the +6 hand axe "Goshra" {vamp, rC+ Will++}
  5572 | D:5      | Noticed Daunt's ghost (novice HuAM)
  5713 | D:5      | Found a glowing silver altar of Zin.
  5715 | D:5      | Noticed Grinder
  5716 | D:5      | Noticed Blork the orc
  5721 | D:5      | Killed Grinder
  5722 | D:5      | Reached skill level 4 in Conjurations
  5722 | D:5      | Reached skill level 5 in Invocations
  5727 | D:5      | Killed Blork the orc
  6449 | D:6      | Noticed Dowan
  6450 | D:6      | Noticed Duvessa
  6467 | D:6      | Killed Duvessa
  6468 | D:6      | Reached skill level 6 in Dodging
  6468 | D:6      | Reached skill level 6 in Spellcasting
  6468 | D:6      | Reached XP level 8. HP: 45/45 MP: 2/19
  6469 | D:6      | Killed Dowan
  6855 | D:6      | Noticed a cyclops
  6869 | D:6      | Killed a cyclops
  6870 | D:6      | Reached skill level 5 in Conjurations
  6870 | D:6      | Reached skill level 6 in Invocations
  7080 | D:6      | Reached skill level 7 in Spellcasting
  7573 | D:6      | Found an ornate altar of the Wu Jian Council.
  7581 | D:6      | Reached skill level 7 in Dodging
  7780 | D:7      | HP: 7/45 [orc warrior (11)]
  8754 | D:7      | Reached skill level 6 in Conjurations
  8759 | D:7      | Reached XP level 9. HP: 37/49 MP: 8/22
  8864 | D:7      | Found a staircase to the Ecumenical Temple.
  8872 | D:7      | Identified the +9 spear "Apeakik" {vorpal, rPois Str+3
                  | Int-4}
  8903 | D:7      | Identified the +2 robe of Ojad {Slay+2}
  8942 | D:7      | You add the spells Malign Gateway and Summon Horrible
                  | Things to your library.
  9141 | D:7      | Found a basalt altar of Yredelemnul.
  9270 | D:8      | Reached **** piety under Lugonu
  9271 | D:8      | Reached skill level 7 in Invocations
  9278 | D:8      | Reached skill level 8 in Spellcasting
  9430 | D:8      | Identified the +2 rapier of the Median {protect, Fly}
  9493 | D:8      | Noticed a two-headed ogre
  9499 | D:8      | Noticed a gargoyle
  9503 | D:8      | Banished a gargoyle
  9504 | D:8      | Reached skill level 8 in Dodging
  9959 | D:8      | Killed a two-headed ogre
  9960 | D:8      | Reached skill level 9 in Spellcasting
  9960 | D:8      | Reached skill level 7 in Conjurations
 10241 | D:8      | Reached skill level 8 in Invocations
 10389 | D:8      | Noticed a komodo dragon
 10782 | D:8      | Killed a komodo dragon
 10783 | D:8      | Reached skill level 9 in Dodging
 10783 | D:8      | Reached XP level 10. HP: 20/54 MP: 3/25
 11005 | D:8      | Found a staircase to the Lair.
 11253 | D:9      | You add the spells Blink, Manifold Assault and Storm Form
                  | to your library.
 11266 | D:9      | Found a bloodstained altar of Trog.
 11362 | D:9      | Identified a scroll of acquirement
 11363 | D:9      | Acquired a scarf of repulsion
 11544 | D:9      | Learned a level 7 spell: Malign Gateway
 11680 | D:9      | HP: 13/54 [acid dragon/splash of acid (14)]
 11686 | D:9      | Reached skill level 1 in Translocations
 11693 | D:9      | Reached skill level 1 in Summonings
 12172 | D:9      | Noticed a cyclops
 12194 | D:9      | Killed a cyclops
 12195 | D:9      | Reached skill level 8 in Conjurations
 12195 | D:9      | Reached skill level 2 in Summonings
 12195 | D:9      | Reached skill level 2 in Translocations
 12337 | D:10     | Entered Level 10 of the Dungeon
 12414 | D:10     | Noticed a sixfirhy
 12427 | D:10     | HP: 13/54 [sixfirhy[a kobold demonologist] (6)]
 12432 | D:10     | HP: 5/54 [sixfirhy[a kobold demonologist] (5)]
 12432 | D:10     | Slain by a sixfirhy

Vanquished Creatures
  A two-headed ogre (D:8)
  2 cyclopes
  A komodo dragon (D:8)
  A hornet (D:8)
  Grinder (D:5)
  A shadow (D:8)
  A wraith (D:9)
  2 acid dragons
  Duvessa (D:6)
  A water moccasin (D:7)
  3 orc warriors
  2 sky beasts
  2 centaurs
  2 ogres
  A kobold brigand (D:9)
  Blork the orc (D:5)
  Dowan (D:6)
  5 wights (D:8)
  2 howler monkeys
  A gnoll shaman (D:8)
  4 orc priests
  4 iguanas
  Terence (D:3)
  2 bullfrog skeletons
  4 orc wizards
  Ijyb (D:3)
  A hound skeleton (D:5)
  A howler monkey zombie (D:7)
  13 gnolls
  2 howler monkey skeletons
  7 adders
  2 white imps
  3 ufetubi
  An adder skeleton (D:4)
  A worm (D:3)
  3 dart slugs
  16 orcs
  8 ball pythons
  6 endoplasms
  A giant cockroach (D:3)
  20 goblins
  17 hobgoblins
  9 jackals
  9 quokkas
  6 bats
  3 frilled lizards
  10 kobolds
  3 rats
190 creatures vanquished.

Vanquished Creatures (others)
  A bat (D:3)
  26 plants
  2 withered plants (D:4)
29 creatures vanquished.

Grand Total: 219 creatures vanquished

Table legend:
 A = Non-vault XP
 B = Vault XP
 C = Vault XP percentage of total XP
 D = Non-vault monster count
 E = Vault monster count
 F = Vault count percentage of total count
                 A         B        C        D         E       F
            +---------+---------+-------+---------+---------+-------
      Total |    6094 |    1185 |  16.3 |     168 |      23 |  12.0
            +---------+---------+-------+---------+---------+-------
        D:1 |      44 |       7 |  13.7 |      24 |       4 |  14.3
        D:2 |      65 |       1 |   1.5 |      18 |       1 |   5.3
        D:3 |     271 |      89 |  24.7 |      32 |      11 |  25.6
        D:4 |     404 |       0 |   0.0 |      28 |       0 |   0.0
        D:5 |      83 |     361 |  81.3 |       7 |       2 |  22.2
        D:6 |     942 |     212 |  18.4 |       9 |       2 |  18.2
        D:7 |     626 |      43 |   6.4 |      17 |       1 |   5.6
        D:8 |    2322 |     372 |  13.8 |      19 |       1 |   5.0
        D:9 |    1209 |     100 |   7.6 |       7 |       1 |  12.5
       D:10 |     128 |       0 |   0.0 |       7 |       0 |   0.0
            +---------+---------+-------+---------+---------+-------

Illustrated notes

Table legend:
 A = Kills in this place as a percentage of kills in entire the game.
 B = Kills by you in this place as a percentage of kills by you in the entire game.
 C = Kills by friends in this place as a percentage of kills by friends in the entire game.
 D = Other kills in this place as a percentage of other kills in the entire game.
 E = Experience gained in this place as a percentage of experience gained in the entire game.
 F = Experience gained in this place divided by the number of levels of this place that you have seen.
                   A       B       C       D       E      F
               +-------+-------+-------+-------+-------+----------------------
         Total | 100.0 | 100.0 |   N/A | 100.0 | 100.0 | 606.6
       Dungeon | 100.0 | 100.0 |   N/A | 100.0 | 100.0 | 727.9
               +-------+-------+-------+-------+-------+----------------------

Table legend: (Time is in decaauts)
 A = Elapsed time spent in this place.
 B = Non-inter-level travel time spent in this place.
 C = Inter-level travel time spent in this place.
 D = Time resting spent in this place.
 E = Time spent auto-exploring this place.
 F = Levels seen in this place.
 G = Mean time per level.
                   A        B        C        D        E       F      G
               +--------+--------+--------+--------+--------+-----+--------+
         Total |  12497 |  12204 |    293 |   1812 |   8644 |  12 | 1041.4 |
       Dungeon |  12387 |  12094 |    293 |   1812 |   8593 |  10 | 1238.7 |
         Abyss |    109 |    109 |      0 |      0 |     51 |   2 |   54.5 |
               +--------+--------+--------+--------+--------+-----+--------+

Top non-repeatable levels by time:
     D:3: 1936 daAuts
     D:6: 1926 daAuts
     D:8: 1553 daAuts
     D:1: 1467 daAuts
     D:9: 1303 daAuts
     D:7: 1213 daAuts
     D:2: 1063 daAuts
     D:5: 964 daAuts
     D:4: 864 daAuts
    D:10: 95 daAuts
 Abyss:1: 90 daAuts
 Abyss:2: 19 daAuts
